 Dungeon Crawl Stone Soup version 0.28-a0-474-g535839065c (webtiles) character file.

Game seed: 1541034542362612113

4 Squid the Gusty (level 1, 8/14 HPs)
             Began as a Demigod Air Elementalist on Sept 15, 2021.
             Quit the game on level 1 of the Dungeon.
             The game lasted 00:00:36 (72 turns).

Squid the Gusty (Demigod Air Elementalist)            Turns: 72, Time: 00:00:37

Health: 8/14       AC:  2    Str:  9    XL:     1   Next: 46%
Magic:  1/5        EV: 12    Int: 17    God:
Gold:   0          SH:  0    Dex: 14    Spells: 2/3 levels left

rFire   . . .      SeeInvis .   (no weapon)
rCold   . . .      Faith    .   (no shield)
rNeg    . . .      Spirit   .   a - +0 robe
rPois   .          Reflect  .   (no helmet)
rElec   .          Harm     .   (no cloak)
rCorr   .          Rampage  .   (no gloves)
Will    .....                   (no boots)
Stlth   ++........              (no amulet)
HPRegen 0.04/turn               (no ring)
MPRegen 0.09/turn               (no ring)

@: no status effects
A: high mp 1, forlorn
a: no special abilities


You were on level 1 of the Dungeon.
You visited 1 branch of the dungeon, and saw 1 of its levels.

Inventory:

Missiles
 c - 5 boomerangs (quivered)
Armour
 a - a +0 robe (worn)
Potions
 b - a potion of mutation {unknown}


   Skills:
 + Level 2.0 Dodging
 + Level 1.7 Stealth
 + Level 1.7 Spellcasting
 + Level 0.8 Conjurations
 + Level 2.9 Air Magic


You had 2 spell levels left.
You knew the following spells:

 Your Spells              Type           Power      Damage    Failure   Level
a - Shock                 Conj/Air       28%        1d4       10%         1

Your spell library contained the following spells:

 Spells                   Type           Power      Damage    Failure   Level
 Static Discharge         Conj/Air       7%         N/A       14%         2
 Swiftness                Air            11%        N/A       19%         3
 Airstrike                Air            5%         N/A       52%         4


Dungeon Overview and Level Annotations

Branches:
Dungeon (1/15)


Innate Abilities, Weirdness & Mutations

Your attributes grow dramatically as you level up.
You have an increased reservoir of magic. (+10% MP)
You shall have no god before yourself.


Message History

c - 5 boomerangs A dart slug comes into view.
A hobgoblin comes into view.
A frilled lizard comes into view.
The zap hits the dart slug.
The dart slug is heavily wounded.
The zap hits the dart slug.
The dart slug is severely wounded.
The dart slug launches a dart at you. The slug dart misses you.
The zap hits the dart slug.
The dart slug is almost dead.
The dart slug barely misses you.
The zap hits the dart slug.
You kill the dart slug!
The zap hits the frilled lizard.
You kill the frilled lizard!
Your Dodging skill increases to level 2!
You are too depleted to draw on your mana recklessly!
Found a faded altar of an unknown god.
The hobgoblin shouts!
You hear a shout!
A bat comes into view.
You see here a dart slug corpse.
The bat hits you.
You are too depleted to draw on your mana recklessly!
You are too depleted to draw on your mana recklessly!
You throw a boomerang.
The boomerang hits the hobgoblin but does no damage.
The bat barely misses you.
A kobold comes into view. It is wielding a +0 short sword.
You throw a boomerang. The boomerang hits the hobgoblin.
The hobgoblin is lightly wounded.
The hobgoblin hits you.
You throw a boomerang.
The boomerang barely misses the hobgoblin.
The boomerang barely misses the bat.
The hobgoblin barely misses you. x2
You throw a boomerang.
The boomerang barely misses the hobgoblin.
The boomerang misses the bat.
The hobgoblin misses you.
Are you sure you want to abandon this character and quit the game? (Confirm with "yes".)

.........## #.###.#
.>.......# #......
.....#.†## .......
####.#.>## #..†..
#.....# ##.....
#.#...##
.......######......#
#......#.......##.#
#.....@†..###..##.#
##..##g##..##..##.#
... #.bK#.....###.#
# ..._...#.#.# #..
..#...#.#.#.# ##.#
..#.##.##...#.# .# #
. .........# .# #
### .... .# .#


You could see a hobgoblin, a bat and a kobold.

Vanquished Creatures
  A dart slug (D:1)
  A giant cockroach (D:1)
  A frilled lizard (D:1)
3 creatures vanquished.

Notes
Turn   | Place    | Note
-------+----------+-------------------------------------------
     0 | D:1      | Squid the Demigod Air Elementalist began the quest for the
                  | Orb.
     0 | D:1      | Reached XP level 1. HP: 14/14 MP: 5/5
    72 | D:1      | Quit the game

Illustrated notes

Levels and vault maps discovered:
D:1:      dpeg_arrival_tiny_f, layout_rooms, ebering_ecumenical_altar_box,
          dk_noncrumbling_2, minmay_misc_feat_tower, st_stairs_14

Skill      XL: |  1 |
---------------+----+-----
Dodging        | 2 |  2.0
Stealth        | |  1.7
Spellcasting   | |  1.7
Conjurations   | |  0.8
Air Magic      | |  2.9

Action                   || total
-------------------------++-------
Melee: Unarmed           ||    20
Throw: Boomerang         ||     4
 Cast: Shock             ||     9
Armor: Robe              ||     8
Dodge: Dodged            ||    20

Table legend: (Time is in decaauts)
 A = Elapsed time spent in this place.
 B = Non-inter-level travel time spent in this place.
 C = Inter-level travel time spent in this place.
 D = Time resting spent in this place.
 E = Time spent auto-exploring this place.
 F = Levels seen in this place.
 G = Mean time per level.
                   A        B        C        D        E       F      G
               +--------+--------+--------+--------+--------+-----+--------+
         Total |     73 |     73 |      0 |      0 |      2 |   1 |   73.0 |
       Dungeon |     73 |     73 |      0 |      0 |      2 |   1 |   73.0 |
               +--------+--------+--------+--------+--------+-----+--------+

Top non-repeatable levels by time:
     D:1: 73 daAuts
